 Dungeon Crawl Stone Soup version 0.31.0-32-g396128a36d (webtiles) character file.

Game seed: 5208457973760639669

162 TacoSundae the Ducker (level 5, -2/43 HPs)
             Began as a Gnoll Gladiator on Apr 15, 2024.
             Killed from afar by a steam dragon (13 damage)
             ... with a ball of steam
             ... on level 4 of the Dungeon.
             The game lasted 00:02:50 (2370 turns).

TacoSundae the Ducker (Gnoll Gladiator)             Turns: 2370, Time: 00:02:50

Health: -2/43      AC:  6    Str: 13    XL:     5   Next: 43%
Magic:  7/7        EV: 14    Int:  7    God:
Gold:   261        SH:  0    Dex: 20    Spells: 7/7 levels left

rFire   . . .        v - +8 flail of Invincibility {pain, rCorr Dex+4}
rCold   . . .        (no shield)
rNeg    . . .        i - +0 ring mail
rPois   .            c - +0 helmet
rElec   .            (no cloak)
rCorr   +            (no gloves)
SInv    .            (no boots)
Will    .....        (no amulet)
Stlth   ++           (no ring)
HPRegen 0.27/turn    (no ring)
MPRegen 0.10/turn

%: no passive effects
@: no status effects
A: fangs 1, strong nose, distributed training
a: no special abilities


You were on level 4 of the Dungeon.
You visited 1 branch of the dungeon, and saw 4 of its levels.

You collected 261 gold pieces.

Inventory:

Hand Weapons
 a - a +0 long sword
 v - the +8 flail of Invincibility (weapon) {pain, rCorr Dex+4}
   (You found it on level 4 of the Dungeon)

   Dex+4:     It affects your dexterity (+4).
   rCorr:     It protects you from acid and corrosion.
Missiles
 d - 2 throwing nets (quivered)
 e - a javelin
 h - 6 poisoned darts
Armour
 b - a +0 leather armour
 c - a +0 helmet (worn)
 i - a +0 ring mail (worn)
Jewellery
 f - a ring of fire
 o - a +6 ring of dexterity
 t - a ring of magical power
Scrolls
 g - 2 scrolls of enchant weapon {unknown}
 j - a scroll of fear {unknown}
 l - a scroll of enchant armour {unknown}
 m - 2 scrolls of identify {unknown}
 u - a scroll of teleportation {unknown}
Potions
 k - 2 potions of curing {unknown}
 n - a potion of might {unknown}
 p - a potion of mutation {unknown}
 q - a potion of heal wounds {unknown}
 r - a potion of brilliance {unknown}
 s - a potion of attraction {unknown}


   Skills:
 + Level 4.8 Fighting
 + Level 1.5 Short Blades
 + Level 6.7 Long Blades
 + Level 1.5 Axes
 + Level 1.5 Maces & Flails
 + Level 1.5 Polearms
 + Level 1.5 Staves
 + Level 1.5 Ranged Weapons
 + Level 4.8 Throwing
 + Level 1.5 Armour
 + Level 6.7 Dodging
 + Level 1.5 Stealth
 + Level 1.5 Shields
 + Level 1.5 Unarmed Combat
 + Level 1.5 Spellcasting
 + Level 1.2 Conjurations
 + Level 1.2 Hexes
 + Level 1.2 Summonings
 + Level 1.2 Necromancy
 + Level 1.2 Translocations
 + Level 1.2 Fire Magic
 + Level 1.2 Ice Magic
 + Level 1.2 Air Magic
 + Level 1.2 Earth Magic
 + Level 1.2 Alchemy
 + Level 1.7 Invocations
 + Level 1.5 Evocations
 + Level 1.4 Shapeshifting


You had 7 spell levels left.
You didn't know any spells.
Your spell library was empty.

Dungeon Overview and Level Annotations

Branches:
Dungeon (4/15)
 Temple: D:4-7

Altars:
Uskayaw


Innate Abilities, Weirdness & Mutations

You have very sharp teeth.
Your uncanny sense of smell can sniff out nearby items.
Your experience applies equally to all skills.


Message History

You closely miss the kobold. The kobold closely misses you.
You closely miss the kobold. You bite the kobold, but do no damage.
The kobold barely misses you.
You sock the kobold!
You kill the kobold!
You see here a +0 dagger.
You see here a +0 dagger.
A steam dragon comes into view.
The steam dragon hisses angrily.
The steam dragon misses you. The steam dragon completely misses you.
You hit the steam dragon. Your bite misses the steam dragon.
The steam dragon is lightly wounded.
The steam dragon breathes steam at you. The ball of steam hits you!
You sock the steam dragon!
The steam dragon is heavily wounded.
You are engulfed in a cloud of scalding steam.
The steam dragon misses you.
The steam dragon claws you but does no damage.
You barely miss the steam dragon.
The steam dragon is heavily wounded.
You are engulfed in a cloud of scalding steam.
The steam dragon closely misses you. The steam dragon claws you.
The steam dragon bites you but does no damage.
The steam dragon barely misses you.
You hit the steam dragon.
The steam dragon is heavily wounded.
The steam dragon bites you.
* * * LOW HITPOINT WARNING * * *
The steam dragon closely misses you.
You thump the steam dragon!
The steam dragon writhes in agony.
You bite the steam dragon, but do no damage.
The steam dragon is almost dead.
The steam dragon closely misses you. x2
You closely miss the steam dragon.
The steam dragon is severely wounded.
The steam dragon closely misses you. The steam dragon barely misses you.
The steam dragon breathes steam at you. The ball of steam hits you!
You die...

## .# .#
.# .#
##.# #D.#
#@# #.#
#.# #.#
#.# #.#
#.# #.#
#.#######
#.#


You could see a steam dragon (catching breath).

Vanquished Creatures
  An ogre (D:4)
  2 adders (D:3)
  A ribbon worm (D:2)
  4 orcs (D:3)
  6 ball pythons
  3 bats (D:1)
  9 endoplasms
  A giant cockroach (D:3)
  6 goblins
  5 hobgoblins
  3 kobolds
  2 quokkas
  2 frilled lizards
  3 rats
48 creatures vanquished.

Notes
Turn   | Place    | Note
-------+----------+-------------------------------------------
     0 | D:1      | TacoSundae the Gnoll Gladiator began the quest for the Orb.
     0 | D:1      | Reached XP level 1. HP: 20/20 MP: 1/1
   213 | D:1      | Reached XP level 2. HP: 23/26 MP: 2/2
   738 | D:2      | Found a hide-covered altar of Uskayaw.
   893 | D:2      | Reached XP level 3. HP: 25/31 MP: 3/3
  1647 | D:3      | Reached skill level 1 in Invocations
  1675 | D:3      | Reached skill level 1 in Short Blades
  1675 | D:3      | Reached skill level 1 in Axes
  1675 | D:3      | Reached skill level 1 in Maces & Flails
  1675 | D:3      | Reached skill level 1 in Polearms
  1675 | D:3      | Reached skill level 1 in Staves
  1675 | D:3      | Reached skill level 1 in Ranged Weapons
  1675 | D:3      | Reached skill level 1 in Armour
  1675 | D:3      | Reached skill level 1 in Stealth
  1675 | D:3      | Reached skill level 1 in Shields
  1675 | D:3      | Reached skill level 1 in Unarmed Combat
  1675 | D:3      | Reached skill level 1 in Spellcasting
  1675 | D:3      | Reached skill level 1 in Evocations
  1801 | D:3      | Reached skill level 1 in Shapeshifting
  1801 | D:3      | Reached XP level 4. HP: 28/38 MP: 5/5
  2191 | D:4      | Noticed an ogre
  2201 | D:4      | Killed an ogre
  2202 | D:4      | Reached skill level 1 in Conjurations
  2202 | D:4      | Reached skill level 1 in Hexes
  2202 | D:4      | Reached skill level 1 in Summonings
  2202 | D:4      | Reached skill level 1 in Necromancy
  2202 | D:4      | Reached skill level 1 in Translocations
  2202 | D:4      | Reached skill level 1 in Fire Magic
  2202 | D:4      | Reached skill level 1 in Ice Magic
  2202 | D:4      | Reached skill level 1 in Air Magic
  2202 | D:4      | Reached skill level 1 in Earth Magic
  2202 | D:4      | Reached skill level 1 in Alchemy
  2202 | D:4      | Reached XP level 5. HP: 43/43 MP: 5/7
  2254 | D:4      | Identified the +8 flail of Invincibility {pain, rCorr
                  | Dex+4}
  2361 | D:4      | Noticed a steam dragon
  2370 | D:4      | Killed from afar by a steam dragon

Illustrated notes

Levels and vault maps discovered:
D:1:      evilmike_arrival_hilbert_curve, layout_basic, skrybe_limestone_x,
          minmay_3d_cube
D:2:      layout_loops_cross, basic_altar, nicolae_underground_beach
D:3:      layout_loops_ring
D:4:      layout_loops_ring, minmay_temple_entry_large_hall, grunt_decor_cap,
          minmay_goblin_kobold_house

Skill      XL: |  1  2  3  4 |
---------------+-------------+-----
Invocations    | 1 |  1.7
Short Blades   | 1 |  1.5
Axes           | 1 |  1.5
Maces & Flails | 1 |  1.5
Polearms       | 1 |  1.5
Staves         | 1 |  1.5
Ranged Weapons | 1 |  1.5
Armour         | 1 |  1.5
Stealth        | 1 |  1.5
Shields        | 1 |  1.5
Unarmed Combat | 1 |  1.5
Spellcasting   | 1 |  1.5
Evocations     | 1 |  1.5
Shapeshifting  | 1 |  1.4
Conjurations   | 1 |  1.2
Hexes          | 1 |  1.2
Summonings     | 1 |  1.2
Necromancy     | 1 |  1.2
Translocations | 1 |  1.2
Fire Magic     | 1 |  1.2
Ice Magic      | 1 |  1.2
Air Magic      | 1 |  1.2
Earth Magic    | 1 |  1.2
Alchemy        | 1 |  1.2
Fighting       | |  4.8
Long Blades    | |  6.7
Throwing       | |  4.8
Dodging        | |  6.7

Action                     |  1- 3 |  4- 6 || total
---------------------------+-------+-------++-------
  Melee: Long sword        |   101 |    17 ||   118
         Bite              |     6 |     2 ||     8
         Punch             |     2 |       ||     2
         Flail             |       |    14 ||    14
  Throw: Throwing net      |       |     2 ||     2
   Stab: Sleeping          |     1 |       ||     1
         Held in net/web   |       |     2 ||     2
 Armour: Leather armour    |     3 |       ||     3
         Ring mail         |    34 |    16 ||    50
  Dodge: Dodged            |    61 |    22 ||    83
